 Dungeon Crawl Stone Soup version 0.25-a0-279-g53730b6a6f (webtiles) character file.

Game seed: 889185635409766912, levelgen mode: deterministic

343 Gargoyl the Skirmisher (level 6, -1/57 HPs)
             Began as a Centaur Abyssal Knight on Dec 10, 2019.
             Was a Follower of Lugonu.
             Succumbed to a water moccasin's poison
             ... on level 2 of the Abyss.
             The game lasted 00:00:58 (95 turns).

Gargoyl the Skirmisher (Centaur Abyssal Knight)       Turns: 95, Time: 00:00:58

Health: -1/57      AC:  4    Str: 14    XL:     6   Next: 31%
Magic:  5/8        EV:  9    Int: 11    God:    Lugonu [*.....]
Gold:   0          SH:  0    Dex: 11    Spells: 5/5 levels left

rFire    . . .     SeeInvis .   a - +1 hand axe
rCold    . . .     Gourm    .   (no shield)
rNeg     . . .     Faith    .   b - +0 leather armour
rPois    .         Spirit   .   (no helmet)
rElec    .         Reflect  .   (no cloak)
rCorr    .         Harm     .   (no gloves)
MR       .....                  (no barding)
Stlth    +.........             (no amulet)
HPRegen  0.19/turn              (no ring)
MPRegen  0.11/turn              (no ring)

@: lethally poisoned (-1 -> -20), very slightly contaminated, hasted, very quick
A: large, hooves 3, deformed body, speed 2, tough skin 3
a: Depart the Abyss, Renounce Religion


You were on level 2 of the Abyss.
You worshipped Lugonu.
Lugonu was aware of your devotion.
You were not hungry.

You visited 0 branches of the dungeon, and saw 0 of its levels.
You visited the Abyss 1 time.

Inventory:

Hand Weapons
 a - a +1 hand axe (weapon)
Armour
 b - a +0 leather armour (worn)
Comestibles
 c - a ration


   Skills:
 + Level 5.7 Fighting
 + Level 2.6 Axes
 + Level 2.3 Armour
 + Level 0.8 Dodging
 + Level 3.0 Invocations
 + Level 0.3 Evocations


You had 5 spell levels left.
You didn't know any spells.
Your spell library was empty.

Dungeon Overview and Level Annotations

Branches:
Dungeon (0/15)

Altars:


Innate Abilities, Weirdness & Mutations

You have hooves in place of feet.
Armour fits poorly on your strangely shaped body.
You cover ground very quickly.
You have extremely tough skin. (AC +3)


Message History

Your Armour skill increases to level 2!
You have reached level 5!
The burst of metal fragments hits the ynoxinul!
The ynoxinul is severely wounded.
The substance of the Abyss twists violently, and a gateway leading down appears!
* * * LOW HITPOINT WARNING * * *
You feel sick.
Aiming: Scattershot
Press: ? - help, Shift-Dir - straight line, f - ynoxinul
Aim: a ynoxinul (severely wounded)
The burst of metal fragments hits the ynoxinul!
You kill the ynoxinul!
The ufetubus disappears in a puff of smoke!
Your Invocations skill increases to level 3!
You have reached level 6!
Your experience leads to an increase in your attributes!
Increase (S)trength, (I)ntelligence, or (D)exterity?
You feel agile.
The now-empty wand crumbles to dust.
You die...

..
.#.#....#.. .
#......## #..
.?# .##.S##
.... #. .. #
.. #..#.. ..#
## #.#.. ..#
### #...###
...#
#..#.....##
#.. ####..
.#..##.#
#.##.###..#@#
.....#.##†##
#.##.###§.#$#
#. #..#..#.##
. #.....##.#
. #.#..#.#..#
#.#.##.## ##
#.... .# #...
# ..


There were no monsters in sight!

Vanquished Creatures
  A ynoxinul (Abyss:2)
  2 water moccasins (Abyss:2)
3 creatures vanquished.

Notes
Turn   | Place    | Note
-------+----------+-------------------------------------------
     0 | Abyss:1  | Gargoyl the Centaur Abyssal Knight began the quest for the
                  | Orb.
     0 | Abyss:1  | Reached XP level 1. HP: 19/19 MP: 2/2
    17 | Abyss:2  | Noticed a water moccasin
    41 | Abyss:2  | Noticed a water moccasin
    82 | Abyss:2  | Noticed a ynoxinul
    91 | Abyss:2  | Killed a water moccasin
    91 | Abyss:2  | Reached skill level 4 in Fighting
    91 | Abyss:2  | Reached XP level 2. HP: 5/28 MP: 3/3
    91 | Abyss:2  | Reached XP level 3. HP: 7/34 MP: 4/4
    91 | Abyss:2  | Reached XP level 4. HP: 8/41 MP: 5/5
    93 | Abyss:2  | HP: 2/41 [poisoned by a water moccasin]
    94 | Abyss:2  | Killed a water moccasin
    94 | Abyss:2  | Reached skill level 5 in Fighting
    94 | Abyss:2  | Reached XP level 5. HP: 2/48 MP: 5/7
    95 | Abyss:2  | Killed a ynoxinul
    95 | Abyss:2  | Reached XP level 6. HP: 1/57 MP: 5/8
    95 | Abyss:2  | Succumbed to a water moccasin's poison

Levels and vault maps discovered:
Abyss:2:  hangedman_abyss_theft, hangedman_abyss_or_decor_lesser_grid

Skill      XL: |  1  2  3  4  5 |
---------------+----------------+-----
Fighting       | 4 5 |  5.7
Axes           | 2 |  2.6
Armour         | 2 |  2.3
Invocations    | 3 |  3.0
Dodging        | |  0.8
Evocations     | |  0.3

Action                   |  1- 3 |  4- 6 || total
-------------------------+-------+-------++-------
Evoke: Wand              |     1 |     4 ||     5
  Use: Potion            |     1 |     1 ||     2
Armor: Leather armour    |       |     1 ||     1
Dodge: Dodged            |     6 |     1 ||     7

Table legend:
 A = Non-vault XP
 B = Vault XP
 C = Vault XP percentage of total XP
 D = Non-vault monster count
 E = Vault monster count
 F = Vault count percentage of total count
                 A         B        C        D         E       F
            +---------+---------+-------+---------+---------+-------
      Total |     205 |     285 |  58.2 |       1 |       2 |  66.7
            +---------+---------+-------+---------+---------+-------
    Abyss:2 |     205 |     285 |  58.2 |       1 |       2 |  66.7
            +---------+---------+-------+---------+---------+-------
